 Dungeon Crawl Stone Soup version 0.31.0-11-ge490571c62 (webtiles) character file.

Game seed: 8739973743092794270

9318 Ashen the Thaumaturge (level 11, -4/83 HPs)
             Began as a Gnoll Hedge Wizard on Jan 27, 2024.
             Was a Priest of Vehumet.
             Slain by a cane toad (14 damage)
             ... on level 1 of the Lair of Beasts.
             The game lasted 00:48:23 (13362 turns).

Ashen the Thaumaturge (Gnoll Hedge Wizard)         Turns: 13362, Time: 00:48:24

Health: -4/83      AC:  7    Str:  9    XL:     11   Next: 44%
Magic:  24/24      EV: 15    Int: 18    God:    Vehumet [***...]
Gold:   586        SH:  0    Dex: 12    Spells: 23/29 levels left

rFire   . . .        s - +1 whip (freeze)
rCold   . . .        (no shield)
rNeg    . . .        E - +1 robe {Will+}
rPois   .            c - +0 hat
rElec   .            (no cloak)
rCorr   .            (no gloves)
SInv    .            (no boots)
Will    +....        (no amulet)
Stlth   ++++         D - +4 ring of slaying
HPRegen 0.33/turn    m - +4 ring of protection
MPRegen 0.19/turn

%: no passive effects
@: lethally poisoned (-4 -> -51)
A: fangs 1, strong nose, distributed training
a: Renounce Religion


You were on level 1 of the Lair of Beasts.
You worshipped Vehumet.
Vehumet was most pleased with you.
You visited 4 branches of the dungeon, and saw 12 of its levels.

You collected 586 gold pieces.

Inventory:

Hand Weapons
 i - a +0 vampiric dagger
 k - a +1 dagger of venom
 s - a +1 whip of freezing (weapon)
 u - a +1 flail of protection
 z - a +2 whip of flaming
 G - a +2 heavy trident
Armour
 c - a +0 hat (worn)
 n - +0 shadow dragon scales
 B - +0 steam dragon scales
 E - a +1 robe of willpower (worn)
Jewellery
 m - a +4 ring of protection (right hand)
 q - a ring of fire
 D - a +4 ring of slaying (left hand)
Wands
 r - a wand of polymorph (4)
 y - a wand of flame (27)
 F - a wand of charming (4)
Scrolls
 b - 2 scrolls of teleportation {unknown}
 e - 3 scrolls of identify
 o - 3 scrolls of poison {unknown}
 t - a scroll of revelation {unknown}
 v - a scroll of amnesia {unknown}
 A - a scroll of blinking {unknown}
 C - a scroll of immolation {unknown}
 H - a scroll of enchant weapon {unknown}
Potions
 a - a potion of enlightenment
 d - 2 potions of magic
 f - 2 potions of mutation
 g - a potion of curing
 h - a potion of cancellation
 j - a potion of berserk rage {unknown}
 p - a potion of haste
 w - 3 potions of lignification {unknown}
 x - a potion of ambrosia {unknown}


   Skills:
 + Level 6.5 Fighting
 + Level 6.5 Short Blades
 + Level 6.5 Long Blades
 + Level 6.5 Axes
 + Level 6.5 Maces & Flails
 + Level 6.5 Polearms
 + Level 6.5 Staves
 + Level 6.5 Ranged Weapons
 + Level 6.5 Throwing
 + Level 6.5 Armour
 + Level 8.1 Dodging
 + Level 7.8 Stealth
 + Level 6.5 Shields
 + Level 6.5 Unarmed Combat
 + Level 9.8 Spellcasting
 + Level 5.9 Conjurations
 + Level 5.4 Hexes
 + Level 5.9 Summonings
 + Level 5.4 Necromancy
 + Level 5.9 Translocations
 + Level 5.4 Fire Magic
 + Level 5.4 Ice Magic
 + Level 5.4 Air Magic
 + Level 5.4 Earth Magic
 + Level 5.4 Alchemy
 + Level 7.2 Invocations
 + Level 6.5 Evocations
 + Level 5.9 Shapeshifting


You had 23 spell levels left.
You knew the following spells:

 Your Spells              Type           Power      Damage    Failure   Level
a - Magic Dart            Conj           100%       1d8       1%          1
b - Blink                 Tloc           60%        N/A       1%          2
c - Mephitic Cloud        Conj/Alch/Air  28%        N/A       1%          3

Your spell library contained the following spells:

 Spells                   Type           Power      Damage    Failure   Level
 Static Discharge         Conj/Air       58%        3-6/arc   1%          2
 Foxfire                  Conj/Fire      100%       2x1d9     1%          1
 Slow                     Hex            100%       N/A       1%          1
 Call Imp                 Summ           60%        N/A       1%          2
 Cigotuvi's Dreadful Rot  Necr/Alch/Air  56%        N/A       1%          2
 Ensorcelled Hibernation  Hex/Ice        56%        N/A       1%          2
 Searing Ray              Conj           60%        2d6       1%          2
 Fugue of the Fallen      Necr           28%        N/A       2%          3
 Fulminant Prism          Conj/Alch      14%        3d8       2%          4
 Anguish                  Hex/Necr       14%        N/A       9%          4
 Starburst                Conj/Fire      14%        6d6       30%         6
 Plasma Beam              Fire/Air       14%        2x1d25    32%         6


Dungeon Overview and Level Annotations

Branches:
Dungeon (9/15)             Temple (1/1) D:5            Lair (1/5) D:8
    Orc (1/2) D:9

Altars:
Ashenzari
Cheibriados
Dithmenos
Elyvilon
Fedhas
Gozag
Hepliaklqana
Kikubaaqudgha
Makhleb
Nemelex Xobeh
Okawaru
Qazlal
Ru
Sif Muna
Trog
Uskayaw
Vehumet
Wu Jian
Xom
Yredelemnul
Zin
The Shining One

Shops:
D:2 [

Annotations:
D:5 Grinder
D:6 3 runed translucent doors, Ashen's ghost, novice DjHW; Rayvis's ghost, novice MiFi; dakkaduck's ghost, novice HOMo; dorian's ghost, novice DgHu
Lair:1 Gastronok


Innate Abilities, Weirdness & Mutations

You have very sharp teeth.
Your uncanny sense of smell can sniff out nearby items.
Your experience applies equally to all skills.


Message History

You feel sick.
You feel sick.
You feel ready to blink again.
You feel sick.
You feel sick.
You feel sick.
You feel sick.
You feel sick.
You feel sick.
You feel sick.
You are no longer poisoned.
Magic restored.
There is a stone staircase leading down here.
There is a stone staircase leading up here.
HP restored.
Done exploring.
There is a stone staircase leading down here.
There is a staircase to the Lair here.
You climb downwards.
Welcome back to the Lair of Beasts!
You hear a distant snort.
Hark!
There is a gateway to a gauntlet on this level.
Find the entrance quickly before the gate is sealed!
Level annotation: Gastronok You hear the thunderous beating of a distant drum.
The water moccasin completely misses you.
The water moccasin bites you.
You are poisoned.
The water moccasin poisons you! The blink frog hits you! x3
The blink frog blinks!
The cane toad stings you!!
* * * LOW HITPOINT WARNING * * *
The water moccasin bites you.
* * * LOW HITPOINT WARNING * * *
You are lethally poisoned!
The water moccasin poisons you! The water moccasin bites you.
* * * LOW HITPOINT WARNING * * *
You are more poisoned.
The water moccasin poisons you! The blink frog closely misses you.
The blink frog hits you!
* * * LOW HITPOINT WARNING * * *
The cane toad stings you!
You die...

#. ..... #.
.... .
####.#...##..
#P.#.........
#...........
#..........$
#..........
#.F@S......
#.FSF......
#.w#..#...#..
...F
#........#
..F ....
..... F.
.l..#...... .
...... #..#
.......# ###


You could see Gastronok, a cane toad, a basilisk, 4 blink frogs, 2 water
moccasins and a bullfrog.

Vanquished Creatures
  4 two-headed ogres
  Pikel (D:5)
  A wyvern (D:8)
  A warg (D:9)
  2 steam dragons
  10 yaks (D:9)
  Menkaure (D:6)
  Edmund (D:5)
  Duvessa (D:6)
  A water moccasin (D:8)
  4 orc warriors
  2 ice beasts
  A black bear (D:8)
  2 sky beasts
  3 ogres
  2 lemures
  2 centaurs
  A phantom (D:6)
  3 kobold brigands (D:9)
  2 gnoll sergeants
  A scorpion (D:7)
  7 bullfrogs
  4 wights (D:8)
  Dowan (D:6)
  11 killer bees (D:9)
  A howler monkey (D:7)
  A bombardier beetle (D:7)
  A jelly (D:7)
  5 orc priests
  3 hounds
  Terence (D:3)
  8 iguanas
  A sleepcap (D:6)
  Natasha (thrice) (D:3)
  10 orc wizards
  11 gnolls
  6 adders
  A shadow imp (D:7)
  3 white imps
  2 ufetubi (D:6)
  2 dart slugs
  2 ribbon worms
  44 orcs
  9 bats
  7 endoplasms
  A giant cockroach (D:2)
  5 goblins
  4 hobgoblins
  3 quokkas
  9 ball pythons
  4 frilled lizards
  12 kobolds
  3 rats
231 creatures vanquished.

Vanquished Creatures (others)
  A killer bee (D:9)
1 creature vanquished.

Grand Total: 232 creatures vanquished

Notes
Turn   | Place    | Note
-------+----------+-------------------------------------------
     0 | D:1      | Ashen the Gnoll Hedge Wizard began the quest for the Orb.
     0 | D:1      | Reached XP level 1. HP: 13/13 MP: 8/8
   216 | D:1      | Reached XP level 2. HP: 19/19 MP: 8/10
   836 | D:1      | Reached XP level 3. HP: 23/25 MP: 6/11
  1591 | D:2      | Reached skill level 1 in Invocations
  1945 | D:2      | Found a faded altar of an unknown god.
  1977 | D:2      | Reached skill level 1 in Fighting
  1977 | D:2      | Reached skill level 1 in Short Blades
  1977 | D:2      | Reached skill level 1 in Long Blades
  1977 | D:2      | Reached skill level 1 in Axes
  1977 | D:2      | Reached skill level 1 in Maces & Flails
  1977 | D:2      | Reached skill level 1 in Polearms
  1977 | D:2      | Reached skill level 1 in Staves
  1977 | D:2      | Reached skill level 1 in Ranged Weapons
  1977 | D:2      | Reached skill level 1 in Throwing
  1977 | D:2      | Reached skill level 1 in Armour
  1977 | D:2      | Reached skill level 1 in Shields
  1977 | D:2      | Reached skill level 1 in Unarmed Combat
  1977 | D:2      | Reached skill level 1 in Evocations
  2141 | D:2      | Found Zenwen's Armour Shoppe.
  2246 | D:2      | Learned a level 2 spell: Blink
  2250 | D:2      | Learned a level 3 spell: Mephitic Cloud
  2397 | D:2      | Reached skill level 1 in Shapeshifting
  2397 | D:2      | Reached XP level 4. HP: 23/32 MP: 13/13
  2762 | D:3      | Noticed Terence
  2770 | D:3      | Killed Terence
  2771 | D:3      | Reached skill level 1 in Hexes
  2771 | D:3      | Reached skill level 1 in Necromancy
  2771 | D:3      | Reached skill level 1 in Fire Magic
  2771 | D:3      | Reached skill level 1 in Ice Magic
  2771 | D:3      | Reached skill level 1 in Air Magic
  2771 | D:3      | Reached skill level 1 in Earth Magic
  2771 | D:3      | Reached skill level 1 in Alchemy
  3012 | D:3      | Noticed Natasha
  3139 | D:3      | Killed Natasha
  3140 | D:3      | Reached XP level 5. HP: 31/37 MP: 10/14
  3294 | D:3      | Noticed Natasha
  3302 | D:3      | Killed Natasha
  3523 | D:3      | Noticed Natasha
  3538 | D:3      | Killed Natasha
  3539 | D:3      | Reached XP level 6. HP: 22/44 MP: 16/16
  3747 | D:4      | Reached skill level 5 in Dodging
  4052 | D:4      | Found a burning altar of Makhleb.
  4053 | D:4      | Found a glowing silver altar of Zin.
  4053 | D:4      | Noticed an angel
  4054 | D:4      | Noticed a cacodemon
  4326 | D:5      | Entered Level 5 of the Dungeon
  4345 | D:5      | Found a broken altar of Ashenzari.
  4360 | D:5      | Noticed Edmund
  4385 | D:5      | Killed Edmund
  4386 | D:5      | Reached XP level 7. HP: 50/50 MP: 14/18
  4440 | D:5      | Noticed Pikel
  4856 | D:5      | Reached skill level 5 in Stealth
  5213 | D:5      | Found a staircase to the Ecumenical Temple.
  5233 | D:5      | Reached XP level 8. HP: 54/58 MP: 8/19
  5304 | D:5      | Noticed Grinder
  5357 | Temple   | Entered the Ecumenical Temple
  5364 | Temple   | Became a worshipper of Vehumet
  5628 | D:5      | Killed Pikel
  5629 | D:5      | Reached skill level 8 in Spellcasting
  6475 | D:6      | Noticed Menkaure
  6515 | D:6      | Killed Menkaure
  6674 | D:6      | Noticed a two-headed ogre
  6752 | D:6      | Reached XP level 9. HP: 54/65 MP: 17/21
  7026 | D:6      | Found a runed translucent gate.
  7026 | D:6      | Found a runed translucent gate.
  7026 | D:6      | Noticed Rayvis's ghost (novice MiFi)
  7027 | D:6      | Found a runed translucent gate.
  7028 | D:6      | Noticed dorian's ghost (novice DgHu)
  7028 | D:6      | Noticed dakkaduck's ghost (novice HOMo)
  7028 | D:6      | Noticed Ashen's ghost (novice DjHW)
  7078 | D:6      | Found a snail-covered altar of Cheibriados.
  7080 | D:6      | Found a stormy altar of Qazlal.
  7082 | D:6      | Found a bloodstained altar of Trog.
  7082 | D:6      | Found a basalt altar of Yredelemnul.
  7205 | D:6      | Noticed Dowan
  7222 | D:6      | Noticed Duvessa
  7235 | D:6      | Killed Dowan
  7239 | D:6      | Killed Duvessa
  7350 | D:6      | Found a hide-covered altar of Uskayaw.
  7353 | D:6      | Noticed a +0 short sword
  7379 | D:6      | Noticed a +0 spear
  7380 | D:6      | Noticed a +0 short sword
  7380 | D:6      | Noticed a +0 dagger
  7381 | D:6      | Noticed a +0 dagger
  7382 | D:6      | Noticed a +0 falchion
  7382 | D:6      | Noticed a +0 falchion
  7382 | D:6      | Noticed a +0 spear
  7506 | D:6      | Killed a two-headed ogre
  7507 | D:6      | Reached skill level 5 in Invocations
  8644 | D:7      | You fall into a shaft and drop 1 floor!
  8808 | D:8      | Reached skill level 5 in Fighting
  8808 | D:8      | Reached skill level 5 in Short Blades
  8808 | D:8      | Reached skill level 5 in Long Blades
  8808 | D:8      | Reached skill level 5 in Axes
  8808 | D:8      | Reached skill level 5 in Maces & Flails
  8808 | D:8      | Reached skill level 5 in Polearms
  8808 | D:8      | Reached skill level 5 in Staves
  8808 | D:8      | Reached skill level 5 in Ranged Weapons
  8808 | D:8      | Reached skill level 5 in Throwing
  8808 | D:8      | Reached skill level 5 in Armour
  8808 | D:8      | Reached skill level 5 in Shields
  8808 | D:8      | Reached skill level 5 in Unarmed Combat
  8808 | D:8      | Reached skill level 5 in Evocations
  8808 | D:8      | Reached XP level 10. HP: 43/74 MP: 22/22
  8910 | D:8      | Found a staircase to the Lair.
  9042 | D:8      | Reached * piety under Vehumet
  9042 | D:8      | Offered knowledge of Sandblast by Vehumet.
  9421 | D:8      | Reached skill level 9 in Spellcasting
 10033 | D:7      | Reached skill level 5 in Conjurations
 10033 | D:7      | Reached skill level 5 in Summonings
 10033 | D:7      | Reached skill level 5 in Translocations
 10088 | D:7      | Found a blossoming altar of Fedhas.
 10425 | D:9      | Found an opulent altar of Gozag.
 10443 | D:9      | Reached skill level 5 in Shapeshifting
 10621 | D:9      | Found a staircase to the Orcish Mines.
 10710 | D:9      | Reached ** piety under Vehumet
 10710 | D:9      | Offered knowledge of Sting by Vehumet.
 11134 | D:9      | Noticed a two-headed ogre
 11143 | D:9      | Killed a two-headed ogre
 11144 | D:9      | Reached skill level 5 in Hexes
 11144 | D:9      | Reached skill level 5 in Necromancy
 11144 | D:9      | Reached skill level 5 in Fire Magic
 11144 | D:9      | Reached skill level 5 in Ice Magic
 11144 | D:9      | Reached skill level 5 in Air Magic
 11144 | D:9      | Reached skill level 5 in Earth Magic
 11144 | D:9      | Reached skill level 5 in Alchemy
 11144 | D:9      | Reached XP level 11. HP: 65/81 MP: 14/24
 11208 | D:9      | Noticed a two-headed ogre
 11217 | D:9      | Killed a two-headed ogre
 11220 | D:9      | Offered knowledge of Static Discharge by Vehumet.
 11952 | D:9      | HP: 3/82 [acid dragon/splash of acid (24)]
 12576 | Orc:1    | Entered Level 1 of the Orcish Mines
 12581 | Orc:1    | Noticed a two-headed ogre
 12585 | Orc:1    | Reached *** piety under Vehumet
 12598 | Orc:1    | Killed a two-headed ogre
 13018 | Lair:1   | Entered Level 1 of the Lair of Beasts
 13018 | Lair:1   | Noticed Gastronok
 13071 | D:8      | HP: 4/83 [poisoned by a water moccasin]
 13362 | Lair:1   | Slain by a cane toad

Illustrated notes

Levels and vault maps discovered:
D:1:      elethiomel_arrival_maze, layout_basic, kennysheep_another_room
D:2:      layout_loops_corners, shapermc_ecumenical_altar_mp_highgroup,
          serial_shops, nicolae_shop_tiny_statue_garden
D:3:      layout_basic, uniq_terence, uniq_natasha
D:4:      layout_gridville, grunt_temple_overflow_order_and_chaos_2
D:5:      layout_loops_ring, kennysheep_little_box,
          minmay_temple_entry_butterflies, minmay_misc_feat_iff, minivault_23,
          minivault_23, uniq_grinder, uniq_pikel, uniq_edmund
D:6:      layout_basic, mainiacjoe_overflow_alcove_3, nicolae_uskayaw_en_pointe,
          gammafunk_ghost_cemetery, serial_rivers,
          chequers_serial_rivers_room_a, chequers_serial_rivers_marsh,
          chequers_serial_rivers_large_a, chequers_serial_rivers_micro_d,
          minmay_tree_intersection, uniq_duvessa, uniq_menkaure
D:7:      nicolae_cairo_tiling, layout_rooms,
          mainiacjoe_overflow_six_doors_small
D:8:      layout_loops_ring, dpeg_oklobed_lair, minmay_misc_feat_rugged
D:9:      minmay_octagon_keep, layout_basic, grunt_gozag_breadcrumbs,
          orc_0_dummy
Temple:   nicolae_temple_bog_church
Lair:1:   layout_cave_shapes, gauntlet_entry_generic, uniq_gastronok
Orc:1:    layout_caves, serial_shops, nicolae_lakefront_shop, uniq_urug

Skill      XL: |  1  2  3  4  5  6  7  8  9 10 11 |
---------------+----------------------------------+-----
Conjurations   | 2 3 4 5 |  5.9
Summonings     | 2 3 4 5 |  5.9
Translocations | 2 3 4 5 |  5.9
Invocations    | 1 2 3 4 5 6 7 |  7.2
Fighting       | 1 2 3 5 6 |  6.5
Short Blades   | 1 2 3 5 6 |  6.5
Long Blades    | 1 2 3 5 6 |  6.5
Axes           | 1 2 3 5 6 |  6.5
Maces & Flails | 1 2 3 5 6 |  6.5
Polearms       | 1 2 3 5 6 |  6.5
Staves         | 1 2 3 5 6 |  6.5
Ranged Weapons | 1 2 3 5 6 |  6.5
Throwing       | 1 2 3 5 6 |  6.5
Armour         | 1 2 3 5 6 |  6.5
Shields        | 1 2 3 5 6 |  6.5
Unarmed Combat | 1 2 3 5 6 |  6.5
Evocations     | 1 2 3 5 6 |  6.5
Shapeshifting  | 1 2 3 4 5 |  5.9
Hexes          | 1 2 3 4 5 |  5.4
Necromancy     | 1 2 3 4 5 |  5.4
Fire Magic     | 1 2 3 4 5 |  5.4
Ice Magic      | 1 2 3 4 5 |  5.4
Air Magic      | 1 2 3 4 5 |  5.4
Earth Magic    | 1 2 3 4 5 |  5.4
Alchemy        | 1 2 3 4 5 |  5.4
Dodging        | 5 6 7 8 |  8.1
Stealth        | 5 6 7 |  7.8
Spellcasting   | 8 9 |  9.8

Action                     |  1- 3 |  4- 6 |  7- 9 | 10-12 || total
---------------------------+-------+-------+-------+-------++-------
  Melee: Dagger            |    31 |   142 |   235 |   270 ||   678
         Bite              |       |    16 |    43 |    45 ||   104
         Punch             |       |     2 |     9 |    12 ||    23
         Flail             |       |       |    61 |       ||    61
         Whip              |       |       |       |     6 ||     6
   Cast: Magic Dart        |    95 |     2 |    78 |    51 ||   226
         Mephitic Cloud    |       |     9 |    39 |    51 ||    99
         Blink             |       |     1 |     4 |    12 ||    17
  Evoke: Wand              |       |       |       |     6 ||     6
    Use: Potion            |       |     1 |       |     5 ||     6
         Scroll            |       |       |     5 |       ||     5
   Stab: Sleeping          |     1 |     5 |     3 |     2 ||    11
         Confused          |       |     4 |    16 |    33 ||    53
 Armour: Robe              |    19 |    66 |   224 |    79 ||   388
         Skin              |       |       |     2 |       ||     2
         Steam dragon scal |       |       |       |    57 ||    57
  Dodge: Dodged            |    29 |    93 |   222 |   202 ||   546
